 Dungeon Crawl Stone Soup version 0.28.0 (webtiles) character file.

Game seed: 1940475405906460909

600 Strat the Cudgeller (level 7, -16/40 HPs)
             Began as a Gargoyle Arcane Marksman on Feb 6, 2022.
             Was an Initiate of the Shining One.
             Demolished by an ogre (24 damage)
             ... on level 5 of the Dungeon.
             The game lasted 00:09:10 (5896 turns).

Strat the Cudgeller (Gargoyle Arcane Marksman)      Turns: 5896, Time: 00:09:11

Health: -16/40     AC: 12    Str: 15    XL:     7   Next: 41%
Magic:  8/8        EV: 10    Int: 14    God:    the Shining One [......]
Gold:   188        SH:  0    Dex: 10    Spells: 7/8 levels left

rFire   + . .      SeeInvis .   a - +0 mace (venom)
rCold   . . .      Faith    .   (no shield)
rNeg    + + .      Spirit   .   y - +2 ring mail {rN+}
rPois   ∞          Reflect  .   (no helmet)
rElec   +          Harm     .   (no cloak)
rCorr   .          Rampage  .   j - +0 pair of gloves
Will    +....                   (no boots)
Stlth   ..........              (no amulet)
HPRegen 0.13/turn               c - ring of protection from fire
MPRegen 0.11/turn               v - ring of willpower

@: glowing
A: sickness immunity, AC +4, negative energy resistance 1, electricity
resistance, torment resistance 1, petrification resistance
a: Renounce Religion


You were on level 5 of the Dungeon.
You worshipped the Shining One.
The Shining One was noncommittal.
You visited 2 branches of the dungeon, and saw 6 of its levels.

You collected 188 gold pieces.

Inventory:

Hand Weapons
 a - a +0 mace of venom (weapon)
 r - a +0 flail
Missiles
 b - 5 javelins
 e - 266 stones
 s - 5 curare-tipped darts
 t - 8 poisoned darts (quivered)
 x - 2 boomerangs of dispersal
Armour
 j - a +0 pair of gloves (worn)
 y - a +2 ring mail of positive energy (worn)
Jewellery
 c - a ring of protection from fire (left hand)
 v - a ring of willpower (right hand)
Scrolls
 d - a scroll of summoning
 f - a scroll of enchant armour {unknown}
 g - a scroll of enchant weapon {unknown}
 i - a scroll of noise {unknown}
 m - 4 scrolls of identify {unknown}
 n - 2 scrolls of magic mapping {unknown}
 o - a scroll of fog {unknown}
 p - a scroll of immolation {unknown}
 q - a scroll of acquirement {unknown}
Potions
 h - a potion of haste
 k - 2 potions of attraction {unknown}
 w - 2 potions of mutation {unknown}


   Skills:
 - Level 2.5 Fighting
 + Level 7.3 Maces & Flails
 - Level 1.7 Throwing
 - Level 1.5 Dodging
 - Level 1.0 Spellcasting
 - Level 2.6 Hexes


You had 7 spell levels left.
You knew the following spells:

 Your Spells              Type           Power      Damage    Failure   Level
a - Slow                  Hex            32%        N/A       17%         1

Your spell library contained the following spells:

 Spells                   Type           Power      Damage    Failure   Level
 Beastly Appendage        Tmut           0%         N/A       45%         1
 Sting                    Tmut/Pois      0%         1d3       45%         1
 Poisonous Vapours        Pois/Air       0%         N/A       61%         2
 Wereblood                Tmut           0%         N/A       61%         2
 Inner Flame              Hex/Fire       4%         N/A       65%         3
 Portal Projectile        Hex/Tloc       8%         N/A       65%         3
 Ozocubu's Armour         Ice            0%         N/A       83%         3
 Spider Form              Tmut/Pois      0%         N/A       83%         3
 Cause Fear               Hex            4%         N/A       86%         4
 Olgreb's Toxic Radiance  Pois           0%         N/A       99%         4
 Ozocubu's Refrigeration  Ice            0%         4d5       100%        7


Dungeon Overview and Level Annotations

Branches:
Dungeon (5/15)             Temple (1/1) D:5

Altars:
Ashenzari
Cheibriados
Dithmenos
Elyvilon
Fedhas
Gozag
Hepliaklqana
Kikubaaqudgha
Makhleb
Nemelex Xobeh
Okawaru
Qazlal
Ru
Sif Muna
Trog
Uskayaw
Vehumet
Wu Jian
Xom
Yredelemnul
Zin
The Shining One

Annotations:
D:2 1 runed translucent door, Crazy Yiuf
D:4 Dowan, Duvessa


Innate Abilities, Weirdness & Mutations

You are immune to sickness and miasma.
Your stone body is resilient. (AC +4)
You are immune to poison.
You resist negative energy. (rN+)
You are resistant to electric shocks. (rElec)
You are resistant to unholy torment.
You are immune to petrification.


Message History

You start putting on your armour.
You continue putting on your +0 pair of gloves. x4
You finish putting on your +0 pair of gloves.
Found a rapier.
n - 2 scrolls labelled QUKIEXZANAU (gained 1)
Found a sparkling altar of Nemelex Xobeh.
An ogre and an endoplasm come into view.
Throw: 10 darts (poison)
Press: ? - help, Q - select action, (/) - cycle Shift-Dir - straight line, f - ogre
Aim: an ogre, wielding a +0 giant club (72% to hit)
You throw a poisoned dart. The poisoned dart hits the ogre.
The ogre is poisoned.
The ogre looks more healthy.
The endoplasm jiggles.
Throw: 9 darts (poison)
Press: ? - help, Q - select action, (/) - cycle Shift-Dir - straight line, f/p - ogre
Aim: an ogre, wielding a +0 giant club (moderately wounded, 72% to hit)
You throw a poisoned dart.
The poisoned dart completely misses the ogre.
The poisoned dart hits the endoplasm.
The endoplasm is poisoned.
You hit the ogre but do no damage.
The ogre is poisoned.
You punch the ogre, but do no damage.
The ogre is moderately wounded.
The ogre hits you with a +0 giant club!
You hit the ogre but do no damage.
The ogre is moderately wounded.
The ogre barely misses you.
You hit the ogre.
The ogre is heavily wounded.
The endoplasm looks more healthy.
The ogre barely misses you.
You hit the endoplasm.
You kill the endoplasm!
You hit the ogre.
The ogre looks even sicker.
The ogre is heavily wounded.
The ogre hits you with a +0 giant club!!
Ouch! That really hurt!
* * * LOW HITPOINT WARNING * * *
The ogre hits you with a +0 giant club!!
Ouch! That really hurt!
You die...

......#.#.#.#.#.###.............#
####............#................
#..#.......#...............###
#..............#...........# #
#..#...>...#...##.........## #
#............#)###.......## #
#..#.......#.#.####.....## #
#...............# ###.### #
#..#.#.#.#.#O@..# ##
##.)..........#.#
######.......#.## #########..#
##.# #.# #.## #..# ##.#


You could see an ogre (very poisoned).

Vanquished Creatures
  A water moccasin (D:5)
  3 scorpions (D:4)
  A bullfrog zombie (D:5)
  A centaur skeleton (D:4)
  A hound (D:3)
  An iguana (D:5)
  2 orc wizards
  2 adders (D:2)
  3 gnolls (D:2)
  2 worms
  A dart slug (D:2)
  13 orcs
  5 endoplasms
  5 giant cockroaches
  3 goblins
  4 hobgoblins
  7 jackals
  9 kobolds
  A quokka (D:5)
  9 ball pythons
  A bat (D:1)
  3 frilled lizards
  3 rats
81 creatures vanquished.

Vanquished Creatures (others)
  2 fungi (D:2)
2 creatures vanquished.

Grand Total: 83 creatures vanquished

Notes
Turn   | Place    | Note
-------+----------+-------------------------------------------
     0 | D:1      | Strat the Gargoyle Arcane Marksman began the quest for the
                  | Orb.
     0 | D:1      | Reached XP level 1. HP: 12/12 MP: 2/2
   590 | D:1      | Reached XP level 2. HP: 16/17 MP: 3/3
   961 | D:1      | Found a faded altar of an unknown god.
  1305 | D:1      | Reached skill level 1 in Maces & Flails
  1610 | D:2      | Reached XP level 3. HP: 21/22 MP: 4/4
  1713 | D:2      | Reached skill level 2 in Maces & Flails
  1996 | D:2      | Reached XP level 4. HP: 27/27 MP: 5/5
  2057 | D:2      | Reached skill level 3 in Maces & Flails
  3040 | D:2      | Found a runed translucent door.
  3041 | D:2      | Noticed Crazy Yiuf
  3280 | D:3      | Identified the +5 dagger of Seevu {vorpal, Dex+6}
  3498 | D:3      | Reached skill level 4 in Maces & Flails
  3498 | D:3      | Reached XP level 5. HP: 24/31 MP: 6/6
  4099 | D:4      | Reached skill level 5 in Maces & Flails
  4099 | D:4      | Reached XP level 6. HP: 31/36 MP: 7/7
  4527 | D:4      | Reached skill level 6 in Maces & Flails
  4910 | D:4      | Noticed Dowan
  4910 | D:4      | Noticed Duvessa
  4922 | D:5      | Entered Level 5 of the Dungeon
  5079 | D:5      | Reached XP level 7. HP: 38/40 MP: 8/8
  5122 | D:5      | Reached skill level 7 in Maces & Flails
  5536 | D:5      | Found a staircase to the Ecumenical Temple.
  5548 | Temple   | Entered the Ecumenical Temple
  5619 | Temple   | Became a worshipper of the Shining One
  5864 | D:5      | Found a sparkling altar of Nemelex Xobeh.
  5896 | D:5      | Demolished by an ogre

Illustrated notes

Levels and vault maps discovered:
D:1:      nzn_arrival_crosshair, layout_loops_ring,
          hellmonk_ecumenical_altar_lost_god
D:2:      layout_basic, chequers_serial_rivers_room_a, uniq_crazy_yiuf_cottage
D:3:      layout_loops_ring
D:4:      nicolae_cairo_tiling, layout_loops_ring, kennysheep_big_empty_room,
          chequers_avenue, uniq_duvessa
D:5:      layout_cave_pods, nemelex_dance_club_becter, minmay_temple_entry_glass
Temple:   compressed_dpeg_circular_temple

Skill      XL: |  1  2  3  4  5  6  7 |
---------------+----------------------+-----
Fighting       | 2 |  2.5
Maces & Flails | 1 2 4 5 6 7 |  7.3
Throwing       | |  1.7
Dodging        | |  1.5
Spellcasting   | |  1.0
Hexes          | |  2.6

Action                   |  1- 3 |  4- 6 |  7- 9 || total
-------------------------+-------+-------+-------++-------
Melee: Unarmed           |    66 |       |       ||    66
       Punch             |     3 |     1 |     3 ||     7
       Mace              |    52 |   134 |    42 ||   228
       Whip              |    25 |       |       ||    25
       Dagger            |    11 |       |       ||    11
Throw: Javelin           |     6 |     3 |       ||     9
       Throwing net      |     2 |       |       ||     2
       Dart              |       |     3 |     2 ||     5
  Use: Scroll            |       |       |     1 ||     1
       Potion            |       |       |     1 ||     1
Armor: Robe              |    38 |       |       ||    38
       Leather armour    |    16 |    13 |       ||    29
       Ring mail         |       |    44 |    12 ||    56
Dodge: Dodged            |   109 |    77 |    25 ||   211
